 Dungeon Crawl Stone Soup version 0.23.0 (webtiles) character file.

Game seed: 12556269915635708586

146 Gadfly the Sneak (level 5, -1/36 HPs)
             Began as an Octopode Assassin on Feb 13, 2019.
             Was a Believer of Dithmenos.
             Killed from afar by an orc wizard (8 damage)
             ... with a magic dart
             ... on level 4 of the Dungeon.
             The game lasted 00:06:09 (3011 turns).

Gadfly the Sneak (Octopode Assassin)                Turns: 3011, Time: 00:06:09

Health: -1/36      AC:  1    Str: 10    XL:     5   Next: 28%
Magic:  5/5        EV: 14    Int: 13    God:    Dithmenos [**....]
Gold:   259        SH:  0    Dex: 15    Spells: 4/4 levels left

rFire    . . .     SeeInvis .   a - +1 dagger (venom)
rCold    . . .     Gourm    .   (no shield)
rNeg     . . .     Faith    .   (helmet restricted)
rPois    .         Spirit   .   (no amulet)
rElec    .         Reflect  .   (no ring)
rCorr    .         Harm     .   (no ring)
MR       .....                  (no ring)
Stlth    +++++.....             (no ring)
HPRegen  0.12/turn              (no ring)
MPRegen  0.09/turn              (no ring)
                                (no ring)
                                (no ring)

@: wreathed by umbra
A: almost no armour, stealthy swim, amphibious, 8 rings, constrict 8, camouflage
1, gelatinous body 1
a: Shadow Step, Renounce Religion


You were on level 4 of the Dungeon.
You worshipped Dithmenos.
Dithmenos was pleased with you.
You were hungry.

You visited 1 branch of the dungeon, and saw 4 of its levels.

You collected 259 gold pieces.

Inventory:

Hand Weapons
 a - a +1 dagger of venom (weapon)
 b - a +0 blowgun
Missiles
 c - 30 poisoned needles
 d - 2 curare-tipped needles
 e - 105 stones (quivered)
 t - 5 tomahawks
Jewellery
 h - an uncursed ring of stealth {unknown}
 j - a +5 ring of strength {unknown}
Scrolls
 l - a scroll of identify
 m - a scroll of teleportation {unknown}
 p - a scroll of remove curse
 q - 2 scrolls of fear {unknown}
 r - a scroll of fog {unknown}
 s - a scroll of immolation {unknown}
Potions
 g - a potion of agility {unknown}
 i - 2 potions of heal wounds {unknown}
 k - 3 potions of curing {unknown}
 n - 3 potions of lignification
 o - a potion of might
Comestibles
 f - 9 rations


   Skills:
 + Level 2.8 Fighting
 + Level 2.8 Short Blades
 + Level 2.9 Throwing
 + Level 2.2 Dodging
 + Level 6.0 Stealth
 + Level 1.2 Invocations


You had 4 spell levels left.
You didn't know any spells.
Your spell library was empty.

Dungeon Overview and Level Annotations

Branches:
Dungeon (4/15)
 Temple: D:4-7

Altars:
Dithmenos
Kikubaaqudgha
Makhleb
Uskayaw
Xom


Innate Abilities, Weirdness & Mutations

You cannot wear most types of armour.
You are very stealthy in the water. (Stealth+)
You are amphibious.
You can wear up to eight rings at the same time.
You can use your tentacles to constrict eight enemies at once.
Your skin changes colour to match your surroundings (Stealth+).
Your rubbery body absorbs attacks. (AC +1, EV +1)


Message History

The orc wizard points at you and mumbles some strange words.
The magic dart hits you! The orc hits you with a +0 flail!
* * * LOW HITPOINT WARNING * * *
You release your grip on the orc.
The orc barely misses you. The orc misses you.
You hit the orc.
The orc is poisoned.
You grab the orc.
The orc is lightly wounded.
You constrict the orc. The orc closely misses you.
The orc wizard gestures wildly while chanting.
The orc wizard seems to speed up.
You hit the orc.
The orc looks as sick as possible!
Your grab misses the orc.
The orc is severely wounded.
You constrict the orc.
You kill the orc!
Dithmenos accepts your kill.
You kill the orc!
Dithmenos accepts your kill.
The orc wizard points at you and mumbles some strange words.
The magic dart hits you!
You die...

#.# #.# #.# .. #
#.# #.# ##### #
#.# #.# #... ###.#
#.# #..# ....# #.#
#..# ##..######.#
#..#
##.........####)@#
##...........o.))#
###.######.#####.#
###.# #.# #.#
....# ####.# #.#
##### #....# #.#
#.#### #..
#######.# ###
......#.#


You could see an orc wizard.

Vanquished Creatures
  An orc wizard (D:4)
  A worker ant (D:4)
  The ghost of ChiqenSalad the Scratcher, a weakling FeTm (D:3)
  An adder (D:3)
  2 adder skeletons (D:3)
  A worm (D:3)
  A dart slug (D:1)
  A leopard gecko (D:3)
  5 orcs
  5 bats
  A giant cockroach (D:1)
  6 goblins
  12 hobgoblins
  2 jackals (D:1)
  2 ball pythons (D:3)
  A ball python skeleton (D:3)
  3 frilled lizards
  5 kobolds
  7 rats
  A bush (D:2)
59 creatures vanquished.

Notes
Turn   | Place    | Note
-------+----------+-------------------------------------------
     0 | D:1      | Gadfly the Octopode Assassin began the quest for the Orb.
     0 | D:1      | Reached XP level 1. HP: 14/14 MP: 1/1
   354 | D:1      | Reached XP level 2. HP: 19/19 MP: 2/2
  1099 | D:2      | Reached XP level 3. HP: 24/24 MP: 3/3
  1123 | D:2      | Found an ancient bone altar of Kikubaaqudgha.
  1123 | D:2      | Found a burning altar of Makhleb.
  1123 | D:2      | Found a shimmering altar of Xom.
  1181 | D:2      | Found a faded altar of an unknown god.
  1201 | D:2      | Became a worshipper of Dithmenos the Shadowed
  1201 | D:2      | Reached * piety under Dithmenos
  1642 | D:3      | Found a hide-covered altar of Uskayaw.
  2272 | D:3      | Reached XP level 4. HP: 30/30 MP: 4/4
  2435 | D:3      | Found a runed translucent gate.
  2436 | D:3      | Found a runed translucent gate.
  2436 | D:3      | Found a runed translucent gate.
  2439 | D:3      | Noticed ChiqenSalad's ghost (weakling FeTm)
  2712 | D:3      | Reached ** piety under Dithmenos
  2717 | D:3      | Killed ChiqenSalad's ghost
  2936 | D:4      | Reached skill level 1 in Invocations
  3004 | D:4      | Reached skill level 6 in Stealth
  3004 | D:4      | Reached XP level 5. HP: 26/36 MP: 5/5
  3011 | D:4      | Killed from afar by an orc wizard

Skill      XL: |  1  2  3  4 |
---------------+-------------+-----
Dodging        | 2 |  2.2
Invocations    | 1 |  1.2
Stealth        | 6 |  6.0
Fighting       | |  2.8
Short Blades   | |  2.8
Throwing       | |  2.9

Action                   |  1- 3 |  4- 6 || total
-------------------------+-------+-------++-------
Melee: Dagger            |   110 |    43 ||   153
       Tentacles         |    24 |     5 ||    29
       Constrict         |    15 |     8 ||    23
  Use: Scroll            |       |     2 ||     2
       Potion            |       |     2 ||     2
 Stab: Sleeping          |    14 |     6 ||    20
  Eat: Chunk             |     4 |     2 ||     6
Armor: Skin              |     1 |     1 ||     2
Dodge: Dodged            |    33 |    28 ||    61
